 Dungeon Crawl Stone Soup version 0.28.0-1-gb440e238dd (webtiles) character file.

Game seed: 14115583534463943195

837 boopmooplesden the Slasher (level 7, -7/60 HPs)
             Began as a Minotaur Fighter on Feb 21, 2022.
             Mangled by a mummy (15 damage)
             ... in an ossuary.
             The game lasted 00:07:12 (3640 turns).

boopmooplesden the Slasher (Minotaur Fighter)       Turns: 3640, Time: 00:07:12

Health: -7/60      AC: 11    Str: 20    XL:     7   Next: 66%
Magic:  6/6        EV:  7    Int:  5    God:
Gold:   129        SH:  5    Dex: 12    Spells: 6/6 levels left

rFire   . . .      SeeInvis .   a - +0 long sword
rCold   . . .      Faith    .   c - +0 buckler
rNeg    . . .      Spirit   .   p - +0 chain mail
rPois   .          Reflect  .   (helmet restricted)
rElec   .          Harm     .   (no cloak)
rCorr   .          Rampage  .   o - +0 pair of gloves
Will    .....                   (no boots)
Stlth   ..........              (no amulet)
HPRegen 0.20/turn               (no ring)
MPRegen 0.10/turn               (no ring)

@: no status effects
A: horns 2, retaliatory headbutt
a: no special abilities


You were in an ossuary.
You visited 1 branch of the dungeon, and saw 4 of its levels.
You also visited: Ossuary.

You collected 129 gold pieces.

Inventory:

Hand Weapons
 a - a +0 long sword (weapon)
 b - a +0 hunting sling
 e - a +2 short sword of protection
Missiles
 j - 55 sling bullets
Armour
 c - a +0 buckler (worn)
 i - a +0 scale mail
 o - a +0 pair of gloves (worn)
 p - a +0 chain mail (worn)
Jewellery
 n - a ring of poison resistance
Wands
 l - a wand of polymorph (11)
 m - a wand of mindburst (13)
 q - a wand of acid (9)
Scrolls
 f - a scroll of immolation {unknown}
 g - a scroll of blinking {unknown}
 k - a scroll of amnesia {unknown}
 r - a scroll of enchant armour {unknown}
Potions
 h - a potion of magic {unknown}


   Skills:
 + Level 4.9 Fighting
 + Level 7.2 Long Blades
 + Level 2.9 Slings
 + Level 5.9 Armour
 + Level 1.3 Dodging
 + Level 0.1 Stealth
 + Level 4.9 Shields


You had 6 spell levels left.
You didn't know any spells.
Your spell library was empty.

Dungeon Overview and Level Annotations

Branches:
Dungeon (4/15)            Ossuary (1/1)
 Temple: D:4-7

Altars:

Shops:
D:4 :


Innate Abilities, Weirdness & Mutations

You have a pair of horns on your head.
You reflexively headbutt those who attack you in melee.


Message History

A bog mummy comes into view.
You block the bog mummy's attack.
There is an open door here.
You hit the bog mummy.
The bog mummy is lightly damaged.
You slash the bog mummy!
The bog mummy is severely damaged.
The bog mummy hits you!
* * * LOW HITPOINT WARNING * * *
You hit the bog mummy.
The bog mummy is severely damaged.
The bog mummy barely misses you.
You slash the bog mummy!
You destroy the bog mummy!
Your Long Blades skill increases to level 7!
You start resting.
A centaur zombie comes into view.
The centaur zombie hits you but does no damage.
The centaur zombie kicks you but does no damage.
You slash the centaur zombie! You headbutt the centaur zombie!
The centaur zombie is heavily damaged.
You block the centaur zombie's attack. x2
A mummy comes into view.
You slash the centaur zombie!
You headbutt the centaur zombie, but do no damage.
The centaur zombie is severely damaged.
The centaur zombie hits you but does no damage.
The centaur zombie closely misses you.
The centaur zombie hits you but does no damage.
The centaur zombie kicks you but does no damage.
You hit the centaur zombie. You headbutt the centaur zombie.
You destroy the centaur zombie!
You start resting.
A mummy is nearby!
You barely miss the mummy. The mummy hits you!
* * * LOW HITPOINT WARNING * * *
You slash the mummy!
The mummy is heavily damaged.
The mummy hits you!
You die...

≈≈+ #≈# ..# #≈# #.#
#.# '.+ ≈.'
###.#####.#
#.'.#..∩#≈#
###.'.∩.#≈#
#.'.#...#.#
###.#####@#####.#≈#
#.'.......M.....'.#
###'#'#'#'#'#'#'###
#.#.#.#.#.#.#
#############


You could see a mummy.

Vanquished Creatures
  A black bear (D:4)
  A hornet zombie (Ossuary)
  A water moccasin zombie (Ossuary)
  3 centaur zombies (Ossuary)
  3 bullfrog zombies (Ossuary)
  An orc priest (D:3)
  An iguana (D:2)
  2 killer bee zombies (Ossuary)
  2 hound skeletons (D:4)
  9 mummies (Ossuary)
  2 howler monkey zombies (Ossuary)
  6 adders
  2 worms
  2 dart slugs
  2 orcs (D:3)
  3 bats
  6 endoplasms
  3 giant cockroaches
  3 goblins (D:1)
  8 hobgoblins
  4 jackals (D:1)
  2 ball pythons
  2 frilled lizards
  3 kobolds
  7 rats
79 creatures vanquished.

Vanquished Creatures (others)
  6 withered plants (Ossuary)
6 creatures vanquished.

Grand Total: 85 creatures vanquished

Notes
Turn   | Place    | Note
-------+----------+-------------------------------------------
     0 | D:1      | boopmooplesden the Minotaur Fighter began the quest for the
                  | Orb.
     0 | D:1      | Reached XP level 1. HP: 19/19 MP: 0/0
   169 | D:1      | Reached XP level 2. HP: 12/27 MP: 1/1
   486 | D:1      | Found a faded altar of an unknown god.
   788 | D:2      | Reached XP level 3. HP: 33/33 MP: 2/2
   935 | D:2      | Reached skill level 3 in Long Blades
  1108 | D:2      | Reached XP level 4. HP: 39/41 MP: 3/3
  2463 | D:3      | Reached skill level 1 in Slings
  2466 | D:3      | Reached skill level 4 in Long Blades
  2469 | D:3      | Reached XP level 5. HP: 28/47 MP: 4/4
  3009 | D:4      | Found Hipuonta's Book Shoppe.
  3080 | D:4      | Noticed a black bear
  3087 | D:4      | Killed a black bear
  3088 | D:4      | Reached XP level 6. HP: 43/53 MP: 5/5
  3145 | D:4      | Found a sand-covered staircase.
  3152 | Ossuary  | Entered an ossuary
  3174 | Ossuary  | Reached skill level 5 in Long Blades
  3178 | Ossuary  | Reached skill level 5 in Armour
  3188 | Ossuary  | Reached skill level 1 in Dodging
  3322 | Ossuary  | Reached XP level 7. HP: 18/60 MP: 6/6
  3327 | Ossuary  | Reached skill level 6 in Long Blades
  3610 | Ossuary  | Reached skill level 7 in Long Blades
  3640 | Ossuary  | Mangled by a mummy

Illustrated notes

Levels and vault maps discovered:
D:1:      dpeg_arrival_circle_labyrinth_c, layout_basic, basic_ecumenical_altar
D:2:      layout_basic
D:3:      layout_basic, guppyfry_early_lair_pool
D:4:      layout_gridville, enter_ossuary_4, serial_shops, shop,
          minmay_fountain_box
Ossuary:  ossuary_zaba_flooded

Skill      XL: |  1  2  3  4  5  6  7 |
---------------+----------------------+-----
Fighting       | 4 |  4.9
Shields        | 4 |  4.9
Armour         | 4 5 |  5.9
Long Blades    | 3 4 5 7 |  7.2
Slings         | 1 2 |  2.9
Dodging        | 1 |  1.3
Stealth        | |  0.1

Action                   |  1- 3 |  4- 6 |  7- 9 || total
-------------------------+-------+-------+-------++-------
Melee: Long sword        |    49 |   109 |    51 ||   209
       Headbutt          |     3 |    17 |    16 ||    36
 Fire: Hunting sling     |    16 |    20 |       ||    36
  Use: Scroll            |     3 |       |       ||     3
       Potion            |       |     1 |       ||     1
Armor: Scale mail        |    20 |     6 |       ||    26
       Chain mail        |       |    74 |    16 ||    90
Dodge: Dodged            |    27 |    38 |    12 ||    77
Block: Buckler           |    17 |    28 |     7 ||    52
